 Dungeon Crawl Stone Soup version 0.20.1-1-g8b1a95d (webtiles) character file.

53 slep the Slasher (level 3, -5/30 HPs)
             Began as a Hill Orc Gladiator on Dec 21, 2017.
             Shot with a stone by a goblin (6 damage)
             ... on level 3 of the Dungeon.
             The game lasted 00:04:24 (1851 turns).

slep the Slasher (Hill Orc Gladiator)               Turns: 1851, Time: 00:04:25

Health: -5/30      AC:  4    Str: 17    XL:     3   Next: 89%
Magic:  3/3        EV: 12    Int:  8    God:
Gold:   188        SH:  0    Dex: 12    Spells: 2/2 levels left

rFire    . . .     SeeInvis .   a - +0 long sword
rCold    . . .     Gourm    .   (no shield)
rNeg     . . .     Faith    .   b - +0 leather armour
rPois    .         Spirit   .   c - +0 helmet
rElec    .         Reflect  .   (no cloak)
rCorr    .         Harm     .   (no gloves)
MR       .....                  (no boots)
Stlth    +.........             (no amulet)
Regen    0.1/turn               (no ring)
MPRegen  0.1/turn               (no ring)

@: no status effects
A: no striking features
a: no special abilities


You were on level 3 of the Dungeon.
You were not hungry.

You visited 1 branch of the dungeon, and saw 3 of its levels.

You collected 188 gold pieces.

Inventory:

Hand Weapons
 a - a +0 long sword (weapon)
 t - a +0 blowgun
Missiles
 d - 3 throwing nets (quivered)
 g - 52 poisoned needles
Armour
 b - a +0 leather armour (worn)
 c - a +0 helmet (worn)
Scrolls
 h - 2 scrolls of remove curse {unknown}
 i - 2 scrolls of teleportation {unknown}
 k - a scroll of random uselessness {unknown}
 n - a scroll of identify {unknown}
 o - 2 scrolls of fear {unknown}
Potions
 e - a potion of curing {unknown}
 j - a potion of agility {unknown}
 l - a potion of brilliance {unknown}
 q - a potion of heal wounds {unknown}
 r - 2 potions of ambrosia {unknown}
 s - a potion of degeneration {unknown}
Comestibles
 f - a bread ration
 m - 2 meat rations
 p - 3 fruits


   Skills:
 + Level 2.8 Fighting
 + Level 4.1 Long Blades
 + Level 2.0 Throwing
 + Level 1.0 Armour
 + Level 2.8 Dodging


You had 2 spell levels left.
You didn't know any spells.

Dungeon Overview and Level Annotations

Branches:
Dungeon (3/15)

Altars:
Gozag


Message History

u - a chunk of flesh Eating a chunk of flesh.
You eat the chunk of flesh.
This raw flesh tastes terrible.
You now have 188 gold pieces (gained 10).
Found 14 bolts.
A goblin comes into view. It is wielding a club.
The goblin shouts!
The goblin unwields an uncursed club.
The goblin wields a hunting sling.
The goblin shoots a stone.
The stone hits you.
* * * LOW HITPOINT WARNING * * *
The goblin shoots a stone.
The stone hits you.
* * * LOW HITPOINT WARNING * * *
You see here a stone.
The goblin shoots a stone.
The stone closely misses you.
A goblin comes into view. It is wielding a club.
The goblin shoots a stone.
The stone hits you.
* * * LOW HITPOINT WARNING * * *
You see here a stone.
The goblin shoots a stone.
The stone hits you.
You die...

.# .# #
########.#.#
........#.#
###.....gg.#
#..........#
#..........#
#.....@....#
#....(.....#
#..........#
#..(......##
#.(..........
#.#######....
#...(...#.####
##......#.#
#.######.#


You could see 2 goblins.

Vanquished Creatures
  An adder (D:3)
  A leopard gecko (D:2)
  9 bats
  A giant cockroach (D:2)
  4 goblins
  7 hobgoblins
  3 quokkas (D:2)
  2 frilled lizards (D:2)
  6 kobolds
  6 rats
40 creatures vanquished.

Notes
Turn   | Place    | Note
-------+----------+-------------------------------------------
     0 | D:1      | slep the Hill Orc Gladiator began the quest for the Orb.
     0 | D:1      | Reached XP level 1. HP: 18/18 MP: 1/1
   264 | D:1      | Reached XP level 2. HP: 25/25 MP: 2/2
   740 | D:2      | Reached XP level 3. HP: 30/30 MP: 3/3
  1226 | D:2      | Reached skill level 1 in Armour
  1297 | D:2      | Found a faded altar of an unknown god.
  1497 | D:3      | Reached skill level 4 in Long Blades
  1688 | D:3      | Found an opulent altar of Gozag.
  1850 | D:3      | HP: 1/30 [goblin/stone (5)]
  1851 | D:3      | Shot with a stone by a goblin

Skill      XL: |  1  2  3 |
---------------+----------+-----
Throwing       | 2 |  2.0
Armour         | 1 |  1.0
Long Blades    | 4 |  4.1
Fighting       | |  2.8
Dodging        | |  2.8

Action                   || total
-------------------------++-------
Melee: Long sword        ||   101
 Stab: Sleeping          ||     1
  Eat: Chunk             ||     3
Armor: Leather armour    ||    45
Dodge: Dodged            ||   102
       Rpst.: Long sword ||    31
